AoeStats
← che_wacca

Hideout

510168532Analyzed
1v1 RM · 2d ago on Sep 29, 2026· 32m 1s· 2 players
Game mode
Random Map
Map size
Tiny (2 player)
Population
200
Speed
Normal
Resources
Standard
Victory
Conquest
Starting age
Dark Age
Ending age
Imperial Age
RankedLock teamsTeams togetherTeam positionsShared explorationLock speedFull tech treeHidden civsTurbo modeCheats
Victory
Defeat
🇩🇪 Burgundians · Germany
821
+17
🇪🇸 Japanese · Spain
838
-17
vPac1312
5:48 Loom
6:28 Double-Bit Axe
9:56 Feudal Age
11:11 Bow Saw
10:56 Horse Collar
11:25 Town Watch
22:19 Castle Age
25:18 Wheelbarrow
24:46 Husbandry
26:45 Fletching
28:26 Scale Barding Armor
29:23 Cavalier
che_wacca
6:48 Loom
10:12 Feudal Age
10:16 Man-at-Arms
17:04 Double-Bit Axe
21:41 Castle Age
19:52 Stone Mining
20:08 Gold Mining
22:46 Light Cavalry
26:57 Forging
26:52 Scale Barding Armor
Connection lost

Rejoining the realm…

Still unreachable

The connection could not be restored.

Session expired

The server has moved on; the page needs a fresh start.